 Dungeon Crawl Stone Soup version 0.31-a0-435-g2c6fae2916 (webtiles) character file.

Game seed: 18363386158598566043

327 ragingrage the Shooter (level 6, -1/39 HPs)
             Began as an Octopode Hunter on Aug 2, 2023.
             Was an Initiate of Fedhas.
             Slain by an ice beast (12 damage)
             ... on level 5 of the Dungeon.
             The game lasted 00:02:15 (3016 turns).

ragingrage the Shooter (Octopode Hunter)            Turns: 3016, Time: 00:02:15

Health: -1/39      AC:  1    Str: 10    XL:     6   Next: 50%
Magic:  6/6        EV: 14    Int: 11    God:    Fedhas [......]
Gold:   225        SH:  0    Dex: 20    Spells: 5/5 levels left

rFire   . . .        n - +6 sling of Compound Interest {freeze, Dex+2}
rCold   . . .        (no shield)
rNeg    . . .        (helmet restricted)
rPois   .            (no amulet)
rElec   .            e - ring of willpower
rCorr   .            (no ring)
SInv    .            (no ring)
Will    +....        (no ring)
Stlth   ++++         (no ring)
HPRegen 0.26/turn    (no ring)
MPRegen 0.10/turn    (no ring)
                     (no ring)

%: no passive effects
@: no status effects
A: almost no armour, amphibious, 8 rings, camouflage 1, gelatinous body 1,
(nimble swimmer 1), tentacles
a: Renounce Religion


You were on level 5 of the Dungeon.
You worshipped Fedhas.
Fedhas was noncommittal.
You visited 1 branch of the dungeon, and saw 5 of its levels.

You collected 225 gold pieces.

Inventory:

Hand Weapons
 a - a +0 shortbow
 n - the +6 sling of Compound Interest (weapon) {freeze, Dex+2}
   (You found it on level 3 of the Dungeon)

   Dex:       It affects your dexterity (+2).
Missiles
 h - 7 poisoned darts
 q - a throwing net
Jewellery
 e - a ring of willpower (left tentacle)
Talismans
 g - a maw talisman
Wands
 t - a wand of acid (5)
Scrolls
 b - a scroll of butterflies
 c - 2 scrolls of torment {unknown}
 d - a scroll of enchant weapon {unknown}
 f - a scroll of fog {unknown}
 i - a scroll of silence {unknown}
 k - 7 scrolls of identify {unknown}
 l - 2 scrolls of enchant armour {unknown}
 o - 2 scrolls of teleportation {unknown}
 r - 2 scrolls of immolation {unknown}
 u - a scroll of poison {unknown}
Potions
 j - 3 potions of curing {unknown}
 m - 2 potions of mutation {unknown}
 p - a potion of degeneration {unknown}
 s - a potion of haste {unknown}


   Skills:
 - Level 2.1 Fighting
 + Level 7.2 Ranged Weapons
 - Level 2.1 Dodging
 - Level 3.0 Stealth


You had 5 spell levels left.
You didn't know any spells.
Your spell library contained the following spells:

 Spells                   Type           Power      Damage    Failure   Level
 Static Discharge         Conj/Air       0%         2-2/arc   47%         2
 Airstrike                Air            0%         2d(0-16)  98%         4
 Summon Lightning Spire   Summ/Air       0%         N/A       98%         4


Dungeon Overview and Level Annotations

Branches:
Dungeon (5/15)             Temple (0/1) D:5

Altars:
Cheibriados
Fedhas
Qazlal
Zin

Annotations:
D:2 1 runed translucent door, Crazy Yiuf


Innate Abilities, Weirdness & Mutations

You cannot wear most types of armour.
You are amphibious.
You can wear up to eight rings at the same time.
Your skin changes colour to match your surroundings (Stealth+).
Your rubbery body absorbs attacks. (AC +1, EV +1)
((You are camouflaged when in or above water. (Stealth+)))
You have tentacles for arms and can constrict up to eight enemies at once.


Message History

You shoot a sling bullet. The sling bullet hits the ice beast.
You shoot a sling bullet.
The sling bullet barely misses the ice beast.
You shoot a sling bullet. The sling bullet hits the ice beast.
You shoot a sling bullet. The sling bullet hits the ice beast.
You shoot a sling bullet.
The sling bullet barely misses the ice beast.
The ice beast barely misses you.
You shoot a sling bullet.
The sling bullet closely misses the ice beast.
The ice beast hits you. The ice beast freezes you!
You shoot a sling bullet. The sling bullet hits the ice beast!
The ice beast hits you but does no damage.
You shoot a sling bullet.
The sling bullet closely misses the ice beast.
The ice beast misses you.
You shoot a sling bullet.
The sling bullet barely misses the ice beast.
The ice beast closely misses you.
Fire: n) +6 sling of Compound Interest {freeze, Dex+2}
Press: ? - help, Q - select action, (/) - cycle Shift-Dir - straight line, f/p - ice beast
Aim: an ice beast (severely wounded, 70% to hit)
You shoot a sling bullet.
The sling bullet barely misses the ice beast.
The ice beast hits you. The ice beast freezes you!
Fire: n) +6 sling of Compound Interest {freeze, Dex+2}
Press: ? - help, Q - select action, (/) - cycle Shift-Dir - straight line, f/p - ice beast
Aim: an ice beast (severely wounded, 70% to hit)
You shoot a sling bullet.
The sling bullet completely misses the ice beast.
The ice beast barely misses you.
Fire: n) +6 sling of Compound Interest {freeze, Dex+2}
Press: ? - help, Q - select action, (/) - cycle Shift-Dir - straight line, f/p - ice beast
Aim: an ice beast (severely wounded, 70% to hit)
You shoot a sling bullet. The sling bullet hits the ice beast.
The ice beast hits you.
* * * LOW HITPOINT WARNING * * *
The ice beast freezes you!
You die...
Fedhas appreciates your contribution to the ecosystem.

... .. ... ..##
.... ... ..... ..#
..... #.# .
.....#####Y###....
#.[.)..@.......
#..............
#..............
#..............
#..............
#..............
#..............
#............##
####.#########


You could see an ice beast.

Vanquished Creatures
  An ice beast (D:5)
  An iguana (D:5)
  2 orc wizards (D:4)
  4 gnolls (D:4)
  4 adders
  An ufetubus (D:5)
  A worm (D:4)
  A dart slug (D:2)
  5 orcs
  4 bats
  3 endoplasms
  2 giant cockroaches (D:4)
  8 goblins
  6 hobgoblins
  4 jackals (D:1)
  6 quokkas
  3 ball pythons
  2 frilled lizards
  2 kobolds
  5 rats
65 creatures vanquished.

Notes
Turn   | Place    | Note
-------+----------+-------------------------------------------
     0 | D:1      | ragingrage the Octopode Hunter began the quest for the Orb.
     0 | D:1      | Reached XP level 1. HP: 14/14 MP: 1/1
   120 | D:1      | Reached XP level 2. HP: 19/19 MP: 2/2
   663 | D:2      | Reached XP level 3. HP: 24/24 MP: 3/3
   747 | D:2      | Found a stormy altar of Qazlal.
  1282 | D:2      | Found a runed translucent door.
  1283 | D:2      | Noticed Crazy Yiuf
  1729 | D:3      | Reached skill level 5 in Ranged Weapons
  1747 | D:3      | Reached XP level 4. HP: 29/29 MP: 4/4
  1769 | D:3      | Identified the +6 sling of Compound Interest {freeze,
                  | Dex+2}
  2434 | D:4      | Reached XP level 5. HP: 34/34 MP: 5/5
  2572 | D:4      | Reached skill level 6 in Ranged Weapons
  2686 | D:4      | Found a glowing silver altar of Zin.
  2686 | D:4      | Found a snail-covered altar of Cheibriados.
  2696 | D:4      | Found a blossoming altar of Fedhas.
  2766 | D:4      | Became a worshipper of Fedhas Madash
  2870 | D:5      | Entered Level 5 of the Dungeon
  2880 | D:5      | Found a staircase to the Ecumenical Temple.
  2903 | D:5      | Reached XP level 6. HP: 39/39 MP: 6/6
  2919 | D:5      | Noticed an ice beast
  2926 | D:5      | Killed an ice beast
  2927 | D:5      | Reached skill level 7 in Ranged Weapons
  3002 | D:5      | Noticed an ice beast
  3016 | D:5      | Slain by an ice beast

Illustrated notes

Levels and vault maps discovered:
D:1:      dpeg_arrival_arbitrary_b, layout_basic, kennysheep_decorative_pillar
D:2:      layout_loops_ring, basic_altar, uniq_crazy_yiuf_cottage
D:3:      layout_basic
D:4:      layout_basic, gammafunk_temple_overflow_forgotten
D:5:      layout_basic, minmay_temple_entry_large_hall

Skill      XL: |  1  2  3  4  5  6 |
---------------+-------------------+-----
Stealth        | 2 3 |  3.0
Ranged Weapons | 5 6 7 |  7.2
Fighting       | |  2.1
Dodging        | |  2.1

Action                     |  1- 3 |  4- 6 || total
---------------------------+-------+-------++-------
   Fire: Shortbow          |   102 |     3 ||   105
         Sling             |       |    70 ||    70
 Armour: Skin              |     1 |     1 ||     2
  Dodge: Dodged            |    12 |     8 ||    20

Table legend: (Time is in decaauts)
 A = Elapsed time spent in this place.
 B = Non-inter-level travel time spent in this place.
 C = Inter-level travel time spent in this place.
 D = Time resting spent in this place.
 E = Time spent auto-exploring this place.
 F = Levels seen in this place.
 G = Mean time per level.
                   A        B        C        D        E       F      G
               +--------+--------+--------+--------+--------+-----+--------+
         Total |   3041 |   2841 |    200 |    153 |   2349 |   5 |  608.2 |
       Dungeon |   3041 |   2841 |    200 |    153 |   2349 |   5 |  608.2 |
               +--------+--------+--------+--------+--------+-----+--------+

Top non-repeatable levels by time:
     D:2: 983 daAuts
     D:3: 738 daAuts
     D:1: 609 daAuts
     D:4: 561 daAuts
     D:5: 147 daAuts
